 Dungeon Crawl Stone Soup version 0.23.2-33-g5129a83184 (webtiles) character file.

Game seed: 10900556894336596372

3886 Folque the Charmwright (level 10, -3/73 HPs)
             Began as a Centaur Skald on July 8, 2019.
             Was a Follower of Wu Jian.
             Slain by a two-headed ogre
             ... wielding a +0 giant club
              (9 damage)
             ... on level 7 of the Dungeon.
             The game lasted 00:23:33 (5610 turns).

Folque the Charmwright (Centaur Skald)              Turns: 5610, Time: 00:23:43

Health: -3/73      AC:  7    Str: 16    XL:     10   Next: 0%
Magic:  3/14       EV: 11    Int: 14    God:    Wu Jian [*.....]
Gold:   447        SH:  0    Dex:  8    Spells: 4/15 levels left

rFire    . . .     SeeInvis .   n - +2 short sword (elec)
rCold    . . .     Gourm    .   (no shield)
rNeg     . . .     Faith    +   m - +0 troll leather armour {Purgy}
rPois    .         Spirit   .   y - +0 hat
rElec    .         Reflect  .   A - +0 cloak
rCorr    .         Harm     .   F - +0 pair of gloves (curse)
MR       .....                  (no barding)
Stlth    ..........             f - amulet of faith
HPRegen  1.62/turn              G - ring of wizardry
MPRegen  0.14/turn              (no ring)

@: regenerating, very quick
A: large, hooves 3, deformed body, speed 2, tough skin 3
a: Renounce Religion


You were on level 7 of the Dungeon.
You worshipped Wu Jian.
Wu Jian was aware of your devotion.
You were not hungry.

You visited 2 branches of the dungeon, and saw 8 of its levels.
You also visited: Sewer.

You collected 447 gold pieces.

Inventory:

Hand Weapons
 a - a +0 falchion
 n - a +2 short sword of electrocution (weapon)
Armour
 b - a +0 leather armour
 m - a +0 troll leather armour (worn) {Purgy}
 y - a +0 hat (worn)
 A - a +0 cloak (worn)
 F - a cursed +0 pair of gloves (worn)
Magical Staves
 w - an uncursed staff of fire {unknown}
Jewellery
 e - a +3 amulet of reflection {unknown}
 f - an amulet of faith (around neck)
 j - an uncursed amulet of regeneration {unknown}
 k - an uncursed amulet of guardian spirit
 l - an uncursed ring of positive energy {unknown}
 B - a cursed amulet of inaccuracy {unknown}
 G - a ring of wizardry (left hand)
Wands
 q - a wand of random effects (25)
 C - a wand of digging (3)
 H - a wand of flame (13)
Scrolls
 c - a scroll of magic mapping {unknown}
 g - a scroll of amnesia {unknown}
 h - 2 scrolls of fog {unknown}
 i - 6 scrolls of remove curse {unknown}
 r - a scroll of teleportation {unknown}
 s - a scroll of noise {unknown}
 u - 4 scrolls of identify
 v - a scroll of enchant armour {unknown}
 z - 3 scrolls of fear {unknown}
 D - a scroll of immolation {unknown}
Potions
 o - a potion of brilliance {unknown}
 p - 3 potions of haste {unknown}
 t - 2 potions of heal wounds {unknown}
 x - a potion of flight {unknown}
Comestibles
 d - 14 rations
 E - a chunk of flesh


   Skills:
 - Level 2.0 Fighting
 + Level 5.6(6.1) Short Blades
 - Level 3.2(4.8) Long Blades
 + Level 3.3 Armour
 * Level 4.6 Dodging
 - Level 3.1 Spellcasting
 - Level 4.3 Hexes
 - Level 6.1 Charms
 - Level 3.0 Necromancy
 - Level 3.2 Translocations


You had 4 spell levels left.
You knew the following spells:

 Your Spells              Type           Power        Failure   Level  Hunger
a - Infusion              Chrm           ###.         1%          1    #......
b - Shroud of Golubria    Chrm/Tloc      ###.......   2%          2    ##.....
c - Spectral Weapon       Hex/Chrm       ###.....     3%          3    ###....
d - Song of Slaying       Chrm           ###.....     1%          2    ##.....
e - Regeneration          Chrm/Necr      ###.......   4%          3    ###....

Your spell library contained the following spells:

 Spells                   Type           Power        Failure   Level  Hunger


Dungeon Overview and Level Annotations

Branches:
Dungeon (7/15)             Temple (1/1) D:6

Altars:
Ashenzari
Cheibriados
Dithmenos
Elyvilon
Fedhas
Gozag
Hepliaklqana
Kikubaaqudgha
Makhleb
Nemelex Xobeh
Okawaru
Qazlal
Ru
Sif Muna
Trog
Uskayaw
Vehumet
Wu Jian
Xom
Yredelemnul
Zin
The Shining One

Shops:
D:4 *

Annotations:
D:5 2 transporters, colophon's ghost, novice KoEn


Innate Abilities, Weirdness & Mutations

You have hooves in place of feet.
Armour fits poorly on your strangely shaped body.
You cover ground very quickly.
You have extremely tough skin. (AC +3)


Message History

Your spectral weapon barely misses the crimson imp.
The crimson imp barely misses you.
You spin and attack the crimson imp.
You closely miss the crimson imp. You kick the crimson imp.
The crimson imp is heavily wounded.
The crimson imp hits you but does no damage.
You puncture the crimson imp! You kick the crimson imp.
You kill the crimson imp!
The Council accepts your kill.
You have reached level 10!
Casting: Spectral Weapon (safe; 3% risk of failure)
Confirm with . or Enter, or press ? or * to list all spells.
Your skin crawls.
You lunge at the two-headed ogre.
You puncture the two-headed ogre!
The two-headed ogre is heavily wounded.
Your song has ended.
The two-headed ogre hits you with a +0 giant club!
* * * LOW HITPOINT WARNING * * *
The two-headed ogre hits you with a +0 giant club!
You die...

#......##..# #..#
#.##...[).[##..# #..
........)...##..#..
#.####....#..###.###
............##.....#
.#####....##....#..##
.#####...##..#..# ..##
......)()#..##..###..#
######..@#.###[#OO.O.##.#
#...O....###S...†...
#...#.....#.###.##.#
#...#..###..# ..# #
##..##..##..#..##
#...##..#....#
#.#..##.....##
#.##..###.###
#...........


You could see a two-headed ogre and a friendly spectral +2 short sword of
electrocution.

Vanquished Creatures
  A skeletal warrior (D:7)
  Pikel (D:6)
  A komodo dragon (D:7)
  Grinder (D:6)
  Sigmund (D:6)
  3 hippogriffs (D:7)
  A yak (D:7)
  Menkaure (D:4)
  Duvessa (D:6)
  Purgy (Sewer)
  2 slaves (D:6)
  An orc warrior (D:7)
  An ice beast (D:5)
  A sky beast (D:6)
  2 ogres
  A bullfrog (D:7)
  A wyvern skeleton (D:6)
  Dowan (D:6)
  A howler monkey (D:3)
  3 crimson imps
  A quasit (D:6)
  A centaur zombie (D:6)
  2 hounds
  Crazy Yiuf (D:6)
  A gnoll shaman (D:7)
  2 jellies
  3 worker ants
  A howler monkey skeleton (D:7)
  6 gnolls
  4 adders
  A river rat (D:3)
  A shadow imp (D:6)
  An ooze (D:3)
  2 worms
  3 dart slugs
  10 leopard geckos
  4 orcs
  A ball python (D:3)
  11 bats
  8 giant cockroaches
  5 goblins
  9 hobgoblins
  2 jackals (D:2)
  7 quokkas
  2 frilled lizards (D:2)
  A jackal zombie (D:6)
  5 kobolds
  A quokka skeleton (D:7)
  14 rats
136 creatures vanquished.

Vanquished Creatures (others)
  A slave (D:6)
  A spectral weapon (D:7)
2 creatures vanquished.

Grand Total: 138 creatures vanquished

Notes
Turn   | Place    | Note
-------+----------+-------------------------------------------
     0 | D:1      | Folque the Centaur Skald began the quest for the Orb.
     0 | D:1      | Reached XP level 1. HP: 17/17 MP: 3/3
    99 | D:1      | Reached XP level 2. HP: 22/24 MP: 4/4
   197 | D:1      | Reached skill level 3 in Charms
   741 | D:2      | Learned a level 2 spell: Shroud of Golubria
   997 | D:2      | Reached XP level 3. HP: 29/29 MP: 5/5
  1462 | D:2      | Found a deep blue altar of Sif Muna.
  1462 | D:2      | Found a bloodstained altar of Trog.
  1473 | D:2      | Found a snail-covered altar of Cheibriados.
  1475 | D:2      | Found a glowing golden altar of the Shining One.
  1476 | D:2      | Found an opulent altar of Gozag.
  1726 | D:3      | Reached XP level 4. HP: 19/36 MP: 7/7
  1734 | D:3      | Learned a level 3 spell: Spectral Weapon
  1776 | D:3      | Found a radiant altar of Vehumet.
  1973 | D:3      | Reached XP level 5. HP: 7/41 MP: 3/9
  1999 | D:3      | Found a glowing drain.
  2009 | Sewer    | Entered a sewer
  2032 | Sewer    | Learned a level 2 spell: Song of Slaying
  2255 | Sewer    | Noticed Purgy
  2275 | Sewer    | Killed Purgy
  2275 | Sewer    | Reached skill level 1 in Short Blades
  2883 | D:4      | Noticed Menkaure
  2890 | D:4      | Killed Menkaure
  2890 | D:4      | Reached skill level 1 in Hexes
  2890 | D:4      | Reached skill level 4 in Charms
  2890 | D:4      | Reached XP level 6. HP: 14/48 MP: 4/10
  3042 | D:4      | Found Lukoett's Assorted Antiques.
  3495 | D:5      | Entered Level 5 of the Dungeon
  3594 | D:5      | Found a transporter.
  3594 | D:5      | Noticed colophon's ghost (novice KoEn)
  3600 | D:5      | Found a transporter.
  3622 | D:5      | Reached XP level 7. HP: 55/55 MP: 5/11
  3791 | D:5      | Found a blossoming altar of Fedhas.
  3879 | D:5      | Found a burning altar of Makhleb.
  3894 | D:5      | Found a stormy altar of Qazlal.
  3952 | D:5      | Found a bloodstained altar of Trog.
  4263 | D:6      | Noticed Duvessa
  4263 | D:6      | Noticed Dowan
  4270 | D:5      | Learned a level 3 spell: Regeneration
  4424 | D:6      | Noticed Grinder
  4430 | D:6      | Killed Grinder
  4430 | D:6      | Reached skill level 5 in Charms
  4460 | D:6      | Found a staircase to the Ecumenical Temple.
  4472 | Temple   | Entered the Ecumenical Temple
  4526 | Temple   | Became a worshipper of the Wu Jian Council
  4590 | D:6      | Killed Duvessa
  4590 | D:6      | Reached skill level 1 in Translocations
  4590 | D:6      | Reached XP level 8. HP: 48/61 MP: 5/12
  4592 | D:6      | Killed Dowan
  4597 | D:6      | Noticed Pikel
  4629 | D:6      | Killed Pikel
  4756 | D:6      | Noticed Sigmund
  4816 | D:6      | Killed Sigmund
  4816 | D:6      | Reached skill level 1 in Armour
  4851 | D:6      | Found a runed translucent door.
  4852 | D:6      | Noticed Crazy Yiuf
  4879 | D:6      | Paralysed by Crazy Yiuf for 6 turns
  5014 | D:6      | Reached skill level 6 in Charms
  5145 | D:7      | Reached XP level 9. HP: 67/67 MP: 13/13
  5158 | D:7      | Noticed a skeletal warrior
  5165 | D:7      | Reached * piety under Wu Jian
  5225 | D:6      | Killed Crazy Yiuf
  5527 | D:7      | Killed a skeletal warrior
  5527 | D:7      | Reached skill level 5 in Short Blades
  5563 | D:7      | Noticed a komodo dragon
  5563 | D:7      | Noticed a two-headed ogre
  5578 | D:7      | Killed a komodo dragon
  5608 | D:7      | Reached XP level 10. HP: 15/73 MP: 6/14
  5610 | D:7      | Slain by a two-headed ogre

Skill      XL: |  1  2  3  4  5  6  7  8  9 |
---------------+----------------------------+-----
Long Blades    | 2 3 |  3.2
Charms         | 3 4 5 6 |  6.1
Spellcasting   | 2 3 |  3.1
Short Blades   | 2 3 4 5 |  5.6
Hexes          | 1 2 4 |  4.3
Translocations | 1 3 |  3.2
Necromancy     | 2 3 |  3.0
Armour         | 1 3 |  3.3
Dodging        | 4 |  4.6
Fighting       | |  2.0

Action                   |  1- 3 |  4- 6 |  7- 9 | 10-12 || total
-------------------------+-------+-------+-------+-------++-------
Melee: Falchion          |   128 |     3 |       |       ||   131
       Kick              |    12 |    13 |    32 |       ||    57
       Short sword       |       |   111 |   144 |     1 ||   256
 Cast: Infusion          |     3 |     5 |     7 |       ||    15
       Shroud of Golubri |     1 |     6 |     8 |       ||    15
       Spectral Weapon   |       |     6 |    19 |       ||    25
       Song of Slaying   |       |     2 |     3 |       ||     5
       Regeneration      |       |       |     1 |     1 ||     2
Invok: Lunge             |       |       |    14 |     1 ||    15
       Whirlwind         |       |       |     4 |       ||     4
Evoke: Wand              |       |     2 |     1 |       ||     3
  Use: Scroll            |     2 |       |       |       ||     2
 Stab: Distracted        |       |     1 |     2 |       ||     3
  Eat: Chunk             |     2 |     6 |     9 |       ||    17
Armor: Leather armour    |    62 |    33 |       |       ||    95
       Troll leather arm |       |    17 |    25 |       ||    42
Dodge: Dodged            |    84 |    59 |    49 |       ||   192
       Rpst.: Falchion   |    33 |       |       |       ||    33
